Map: Automaton LE

Players

Avokado

  • Race: Terran Terran
  • League: Master
  • Spawn Location: 3:00

demuLarva - Winner!

  • Race: Terran Terran
  • League: Grandmaster
  • Spawn Location: 9:00

VOD

Have the link to the VOD?

Description

Time

  • Played on: May 21, 2019, 3:03 p.m.
  • Length: 15:54
Show
View Real Time Build Order
Export as new Build Order

Avokado Terran 

Build Orders: 1/1/1, Liberator Opening 

Get SALT Encoding   

  12  0:00  SCV  
  13  0:13  SCV  
  14  0:18  Supply Depot  
  14  0:25  SCV  
  15  0:29  Refinery  
  15  0:39  SCV  
  16  0:45  Barracks  
  16  0:51  SCV  
  16  0:56  Refinery  
  17  1:03  SCV  
  18  1:16  SCV  
  19  1:32  Orbital Command  
  19  1:33  Factory  
  19  1:36  Barracks Reactor  
  19  1:46  Supply Depot  
  19  1:57  SCV  
  20  2:09  SCV  
  20  2:13  Reaper x2  
  23  2:17  Hellion  
  23  2:21  Starport  
  25  2:25  SCV  
  26  2:32  Supply Depot  
  26  2:37  SCV  
  27  2:45  Reaper x2  
  27  2:46  Hellion  
  31  2:55  SCV  
  31  2:58  Medivac  
  34  3:01  Supply Depot  
  34  3:07  Hellion  
  36  3:15  SCV  
  36  3:16  Liberator  
  36  3:17  Reaper x2  
  39  3:27  SCV  
  43  3:37  Hellion  
  45  3:49  SCV  
  45  3:54  Command Center  
  46  4:01  SCV  
  47  4:03  Factory Tech Lab  
  47  4:13  SCV  
  47  4:17  Supply Depot  
  47  4:24  Starport Tech Lab  
  47  4:38  SCV, Marine x2, Siege Tank  
  50  4:50  SCV  
  46  4:54  Raven  
  46  4:57  Marine x2  
  48  5:05  SCV  
  48  5:06  Orbital Command  
  49  5:08  Refinery  
  49  5:10  Siege Tank  
  46  5:15  Marine x2  
  46  5:17  SCV  
  49  5:29  SCV  
  49  5:32  SCV  
  49  5:33  Marine x2  
  53  5:39  Raven  
  53  5:41  SCV  
  56  5:44  SCV  
  57  5:51  Marine  
  57  5:53  SCV  
  57  5:54  Command Center  
  57  5:56  Siege Tank  
  62  5:57  Marine  
  62  5:58  SCV  
  64  6:05  SCV  
  64  6:09  Marine  
  64  6:10  SCV  
  67  6:25  SCV x2  
  67  6:27  Refinery  
  67  6:28  Engineering Bay  
  67  6:29  Engineering Bay  
  67  6:30  Siege Tank  
  70  6:47  Supply Depot  
  70  6:48  Supply Depot, Marine  
  70  6:49  Viking x2, SCV x2  
  74  6:58  Terran Infantry Weapons Level 1  
  74  7:01  SCV x2  
  75  7:07  Marine  
  76  7:14  Orbital Command, SCV  
  76  7:19  Viking  
  76  7:21  SCV  
  79  7:24  Marine  
  79  7:30  Barracks  
  79  7:31  Barracks  
  79  7:33  Viking  
  84  7:51  SCV  
  86  7:53  Marine  
  84  7:59  Terran Infantry Armor Level 1  
  86  8:06  Barracks x2  
  86  8:07  SCV  
  74  8:20  Marine x2  
  74  8:22  SCV  
  78  8:33  Factory  
  78  8:34  Barracks  
  76  8:35  Barracks  
  76  8:36  Starport  
  76  8:40  Factory Tech Lab  
  76  8:41  Barracks Tech Lab x2  
  76  8:50  SCV x2  
  76  8:54  Orbital Command  
  76  8:59  Marine  
  76  9:02  SCV x2  
  72  9:10  Marine  
  72  9:11  Combat Shield, Marine x2  
  72  9:12  Stimpack  
  72  9:14  SCV  
  72  9:15  Starport Reactor  
  72  9:16  Marine, SCV  
  78  9:17  Armory  
  78  9:23  SCV  
  79  9:26  SCV, Siege Tank  
  79  9:28  SCV, Marine x2  
  79  9:29  Marine  
  84  9:38  Marine  
  84  9:39  Marine x2  
  84  9:41  Factory Tech Lab  
  84  9:44  SCV x2  
  84  9:45  SCV  
  90  9:46  Marine x2  
  90  9:47  Marine  
  89  9:56  Marine x2  
  89  9:57  Marine  
  89  9:58  Siege Tank  
  95  10:04  Marine x2  
  95  10:05  Marine, Siege Tank  
  101  10:10  Supply Depot  
  101  10:11  Supply Depot  
  101  10:14  Terran Infantry Armor Level 2, Terran Infantry Weapons Level 2  
  101  10:28  Supply Depot  
  101  10:31  Medivac, SCV, Marine x2  
  106  10:35  Barracks Reactor  
  106  10:36  Barracks Reactor x2  
  106  10:40  Supply Depot  
  106  10:42  Barracks Reactor  
  106  10:48  Medivac  
  106  10:49  Marine x2  
  112  11:01  Medivac  
  114  11:07  Marine x2  
  114  11:09  SCV  
  114  11:11  Refinery  
  114  11:12  Refinery  
  114  11:13  Factory Tech Lab  
  114  11:15  Marine x5  
  114  11:16  Marine  
  114  11:17  Barracks x2, Siege Tank  
  123  11:19  Marine  
  123  11:20  Medivac  
  123  11:23  Marine  
  123  11:25  Marine x2  
  129  11:30  Missile Turret  
  129  11:32  Missile Turret  
  129  11:33  Marine x4  
  129  11:35  Sensor Tower, Marine  
  129  11:37  Marine  
  129  11:38  Marine  
  130  11:40  Marine  
  130  11:42  Marine x2  
  106  11:51  Marine x4, Siege Tank  
  106  11:53  Marine  
  111  11:55  Marine x2  
  111  11:58  Marine  
  111  12:00  Marine x2  
  108  12:05  Medivac  
  109  12:08  Marine  
  109  12:09  Marine x3  
  109  12:20  Marine x3, Siege Tank  
  109  12:21  Marine  
  111  12:24  Marine, Siege Tank  
  111  12:25  Marine  
  111  12:27  Marine  
  117  12:31  Marine x2  
  117  12:34  Marine x2  
  117  12:37  Marine  
  121  12:41  SCV  
  121  12:42  Marine x2  
  121  12:43  SCV  
  126  12:45  SCV  
  126  12:47  Marine  
  126  12:50  Marine  
  123  12:54  Marine x2  
  125  12:59  Marine  
  125  13:00  Marine  
  125  13:01  Marine x3  
  125  13:05  Marine  
  131  13:06  Marine x2  
  133  13:15  Terran Infantry Weapons Level 3, Marine  
  134  13:24  Marine x2  
  135  13:39  Siege Tank  
  135  13:40  Marine x2, Siege Tank  
  140  13:43  Medivac x2  
  139  13:51  Marine  
  139  13:54  Marine x2  
  113  13:57  Marine x2  
  113  13:58  Marine x3  
  113  13:59  Marine x3  
  113  14:00  Marine  
  109  14:09  Marine  
  110  14:12  Marine x2  
  110  14:15  Marine x3  
  110  14:16  Marine x2  
  115  14:17  Siege Tank  
  115  14:21  Siege Tank  
  115  14:22  Marine  
  122  14:24  Marine  
  122  14:28  Marine x2  
  122  14:29  Marine  
  118  14:33  Marine x3  
  118  14:35  Marine  
  118  14:38  Marine x2  
  102  14:39  Marine  
  102  14:43  Marine x2  
  97  14:47  Marine  
  97  14:50  Marine  
  88  14:54  Marine  
  88  14:56  Marine  
  87  15:04  Orbital Command  
  87  15:06  Marine x3  
  90  15:08  Marine  
  90  15:10  Marine  
  92  15:16  Marine  
  92  15:19  Marine  
  92  15:21  Marine  
  95  15:24  Marine  
  95  15:25  Marine  
  95  15:27  Marine  
  98  15:31  Marine  
  98  15:34  Marine  
Show
View Real Time Build Order
Export as new Build Order

demuLarva Terran - Winner!

Build Orders:  

Get SALT Encoding   

  12  0:02  SCV  
  14  0:14  SCV  
  14  0:18  Supply Depot  
  14  0:26  SCV  
  15  0:30  Refinery  
  15  0:40  SCV  
  16  0:46  Barracks  
  16  0:52  SCV  
  17  0:59  Refinery  
  17  1:04  SCV  
  18  1:17  SCV  
  19  1:32  Orbital Command  
  19  1:33  Factory  
  19  1:38  Reaper  
  20  1:49  Supply Depot  
  20  1:58  SCV  
  21  2:10  Reaper, SCV  
  23  2:17  Hellion  
  23  2:22  SCV  
  26  2:34  Command Center  
  26  2:36  SCV  
  27  2:40  Supply Depot  
  27  2:46  Hellion  
  27  2:49  SCV  
  30  2:52  Reaper  
  31  2:58  Starport  
  31  3:03  SCV  
  32  3:12  Factory Tech Lab  
  32  3:15  SCV  
  33  3:22  Refinery  
  33  3:25  Barracks Reactor  
  33  3:27  SCV  
  33  3:31  Cyclone  
  37  3:37  Starport Tech Lab  
  37  3:39  SCV  
  38  3:47  Orbital Command  
  38  3:51  SCV  
  39  3:55  Raven  
  39  4:03  SCV  
  39  4:06  Cyclone  
  42  4:13  SCV  
  42  4:14  Marine x2  
  42  4:15  SCV  
  42  4:25  SCV  
  42  4:27  SCV  
  44  4:32  Marine x2  
  44  4:37  SCV  
  47  4:40  SCV  
  48  4:49  SCV  
  48  4:52  SCV  
  48  4:55  Raven  
  46  5:01  SCV  
  46  5:04  SCV  
  46  5:06  Refinery  
  47  5:13  SCV  
  48  5:16  SCV  
  49  5:26  SCV  
  49  5:27  Marine, Siege Tank  
  54  5:31  Supply Depot  
  54  5:33  Supply Depot  
  54  5:46  Command Center  
  54  5:52  SCV x2  
  56  6:05  SCV x2  
  56  6:06  Supply Depot  
  56  6:10  Viking  
  59  6:17  SCV x2  
  61  6:24  Viking, Siege Tank  
  61  6:25  Stimpack  
  64  6:26  Supply Depot  
  64  6:29  SCV x2  
  65  6:41  Viking, SCV x2  
  69  6:53  SCV x2  
  71  6:56  Viking  
  73  7:05  SCV x2  
  75  7:13  Viking  
  75  7:14  Siege Tank  
  80  7:17  SCV x2  
  80  7:18  Orbital Command  
  80  7:26  Viking  
  80  7:29  SCV x2  
  84  7:36  Engineering Bay x2  
  84  7:41  SCV x2  
  86  7:50  SCV  
  87  7:53  SCV  
  87  7:55  Siege Tank  
  87  7:58  Viking x2  
  95  8:01  SCV  
  95  8:03  SCV  
  88  8:21  Orbital Command, SCV x2  
  88  8:23  Terran Infantry Weapons Level 1, Terran Infantry Armor Level 1  
  90  8:28  Viking, Barracks  
  90  8:29  Barracks x2  
  90  8:33  Viking  
  94  8:36  Combat Shield  
  94  8:41  Barracks  
  94  8:45  SCV x2  
  96  8:51  SCV  
  95  9:00  Marine  
  96  9:03  SCV  
  96  9:04  Armory  
  96  9:05  SCV x2  
  99  9:17  Barracks Reactor  
  99  9:18  Barracks Reactor, Supply Depot, Marine  
  99  9:19  Barracks Reactor, Supply Depot  
  99  9:20  Supply Depot  
  99  9:23  Siege Tank  
  103  9:27  SCV x2  
  105  9:31  Marine  
  105  9:36  Marine  
  99  9:39  Medivac x2  
  103  9:51  Barracks Reactor  
  103  9:54  Marine, SCV x2  
  103  9:55  SCV  
  103  9:58  Marine  
  103  9:59  Marine x3  
  111  10:01  Terran Vehicle Weapons Level 1  
  111  10:02  Supply Depot  
  111  10:03  Marine x2  
  111  10:06  SCV  
  117  10:07  Siege Tank  
  117  10:09  Medivac x2  
  117  10:10  Supply Depot x2  
  117  10:12  Refinery x2  
  122  10:20  Factory, Marine x2  
  123  10:23  Marine  
  123  10:24  Marine x2  
  123  10:25  Terran Infantry Armor Level 2, Terran Infantry Weapons Level 2  
  126  10:30  Marine x2  
  126  10:34  Barracks Reactor, Marine  
  129  10:38  Marine  
  129  10:39  Marine  
  129  10:41  Marine  
  133  10:42  SCV  
  133  10:43  SCV  
  133  10:44  Sensor Tower  
  133  10:45  Marine x2  
  133  10:48  Supply Depot  
  133  10:49  SCV  
  136  10:51  Missile Turret  
  136  10:52  Missile Turret  
  136  10:53  Marine x2  
  136  10:54  Command Center  
  136  10:55  Marine  
  136  10:56  Marine  
  140  10:57  Medivac x2  
  140  10:58  Siege Tank  
  140  11:02  Marine  
  140  11:03  Marine  
  149  11:08  Marine x2  
  149  11:10  Marine  
  152  11:13  Sensor Tower, Supply Depot  
  152  11:14  Supply Depot  
  152  11:15  Marine x3, Siege Tank  
  158  11:21  Supply Depot, Marine x2  
  158  11:22  Marine  
  161  11:37  Marine  
  161  11:38  Marine x3  
  151  11:51  Marine x2  
  151  11:53  Marine x4  
  149  11:54  Marine  
  149  11:55  Marine  
  149  11:56  Marine  
  149  11:59  Marine  
  151  12:03  Siege Tank x2  
  151  12:04  Medivac x2  
  161  12:09  Marine x2  
  161  12:11  Marine x4  
  161  12:14  Marine x2  
  168  12:19  Marine x2  
  166  12:27  Marine x2  
  168  12:34  Marine  
  168  12:35  Marine, Siege Tank x2  
  176  12:42  Command Center, Marine x4  
  176  12:43  Terran Infantry Weapons Level 3  
  175  12:45  Marine  
  175  12:46  Marine x2  
  175  12:50  Marine  
  177  12:52  Marine x2  
  178  12:59  Marine x2  
  178  13:00  Planetary Fortress  
  178  13:03  Marine x3  
  178  13:04  Marine  
  184  13:07  Siege Tank  
  184  13:10  Missile Turret  
  187  13:13  Missile Turret  
  187  13:14  Missile Turret  
  187  13:20  Marine  
  187  13:21  Marine x5  
  188  13:34  Marine x4  
  188  13:35  Siege Tank  
  188  13:36  SCV x3  
  188  13:37  SCV  
  188  13:38  Marine  
  198  13:46  Marine x2  
  200  13:55  Marine x4  
  192  13:56  Marine  
  192  13:57  Marine  
  192  14:01  Marine  
  175  14:03  Marine  
  175  14:04  Marine x2  
  175  14:11  Siege Tank x2  
  175  14:13  Marine x3  
  175  14:15  Marine  
  170  14:20  Marine x3  
  170  14:21  Medivac x2  
  170  14:23  Marine x3  
  180  14:31  Marine x3  
  170  14:33  Marine  
  170  14:38  Marine x3  
  151  14:41  Marine x3  
  149  14:48  Marine  
  149  14:49  Marine x2  
  149  14:51  Marine  
  147  14:53  Siege Tank  
  147  14:54  Siege Tank  
  147  14:55  Marine  
  147  14:56  Marine x2  
  147  14:58  Marine  
  147  14:59  Marine x2  
  158  15:06  Marine x2  
  158  15:07  Marine  
  154  15:09  Marine  
  154  15:13  Marine x2  
  154  15:14  Marine  
  159  15:16  Marine x3  
  159  15:17  Medivac x2  
  166  15:24  Marine x3  
  169  15:29  Command Center  
  169  15:35  Marine x2  
Tags
 
Add a new tag
Caveats
  • Supply blocks, unpowered buildings, or Contaminate may cause inaccurate times.
  • Supply counts are checked every 10 seconds.